 Dungeon Crawl Stone Soup version 0.23.1-37-gaa34b87b72 (webtiles) character file.

Game seed: 1037878755422905333

35 Marnok the Vandal (level 3, -3/24 HPs)
             Began as a Halfling Hunter on Mar 23, 2019.
             Slain by a phantom (8 damage)
             ... on level 4 of the Dungeon.
             The game lasted 00:07:10 (905 turns).

Marnok the Vandal (Halfling Hunter)                  Turns: 905, Time: 00:07:11

Health: -3/24      AC:  3    Str: 13    XL:     3   Next: 52%
Magic:  3/3        EV: 14    Int: 14    God:
Gold:   101        SH:  0    Dex: 15    Spells: 2/2 levels left

rFire    . . .     SeeInvis .   n - +4 mace (protect)
rCold    . . .     Gourm    .   (shield restricted)
rNeg     . . .     Faith    .   c - +0 leather armour
rPois    .         Spirit   .   (no helmet)
rElec    .         Reflect  .   (no cloak)
rCorr    .         Harm     .   (no gloves)
MR       .....                  (no boots)
Stlth    ++........             (no amulet)
HPRegen  0.08/turn              o - ring of wizardry
MPRegen  0.08/turn              s - +5 ring of intelligence

@: no status effects
A: small, mutation resistance 1
a: no special abilities


You were on level 4 of the Dungeon.
You were not hungry.

You visited 1 branch of the dungeon, and saw 5 of its levels.

You collected 101 gold pieces.

Inventory:

Hand Weapons
 a - a +1 hunting sling
 b - a +0 short sword
 e - a +0 hunting sling
 g - a +0 hunting sling
 n - a +4 mace of protection (weapon)
 r - the cursed +1 hand axe "Wiomorol" {freeze, +Fly rPois, unknown}
   (You found it on level 4 of the Dungeon)

   It has been specially enchanted to freeze those struck by it, causing extra
   injury to most foes and up to half again as much damage against particularly
   susceptible opponents.
   It can also slow down cold-blooded creatures.
   It protects you from poison.
   It lets you fly.
   It has a curse placed upon it.
Missiles
 d - 41 sling bullets
 h - 8 stones (quivered)
 q - 2 needles of sleeping
Armour
 c - a +0 leather armour (worn)
Jewellery
 o - a ring of wizardry (left hand)
 s - a +5 ring of intelligence (right hand)
Scrolls
 l - 3 scrolls of identify {unknown}
Potions
 i - 3 potions of curing {unknown}
 j - a potion of invisibility {unknown}
 k - 2 potions of haste {unknown}
 m - 2 potions of brilliance {unknown}
Comestibles
 f - 2 rations
 p - a chunk of flesh


   Skills:
 + Level 1.8 Fighting
 + Level 7.3 Slings
 + Level 0.2 Armour
 + Level 2.2 Dodging
 + Level 1.1 Stealth


You had 2 spell levels left.
You didn't know any spells.
Your spell library was empty.

Dungeon Overview and Level Annotations

Branches:
Dungeon (5/15)
 Temple: D:4-7

Altars:
Ru


Innate Abilities, Weirdness & Mutations

You are small and have problems with some larger weapons.
You are somewhat resistant to further mutation.


Message History

The phantom hits you but does no damage.
You closely miss the phantom.
The phantom is moderately damaged.
The phantom barely misses you. The phantom hits you.
You closely miss the phantom.
The phantom is moderately damaged.
The phantom hits you.
You hit the phantom.
Your weapon exudes an aura of protection.
The phantom is moderately damaged.
The phantom hits you but does no damage.
The phantom hits you!
* * * LOW HITPOINT WARNING * * *
The phantom hits you but does no damage.
The phantom blinks!
The phantom barely misses you. The phantom hits you.
* * * LOW HITPOINT WARNING * * *
The phantom hits you!
You die...

###### ## ##....##.##
#.........#
#.........# ........#
############ #....#
#.>..##..#.####....##
#...................#
#..#######.....@....#
##.#..≈≈≈..#...W.....#
#.#..≈...≈..#.##...<.#
.#...≈._.≈...#.#.....#
#.#..≈...≈..#.#......#
#..#..≈≈≈..#..+......+
#...#######...##..[.##
##.. ...####### #..
...#


You could see a phantom.

Vanquished Creatures
  An ooze (D:1)
  2 leopard geckos (D:1)
  3 orcs (D:3)
  2 bats (D:1)
  2 giant cockroaches (D:1)
  3 goblins
  2 hobgoblins
  A quokka (D:4)
  5 kobolds
  2 rats
23 creatures vanquished.

Notes
Turn   | Place    | Note
-------+----------+-------------------------------------------
     0 | D:1      | Marnok the Halfling Hunter began the quest for the Orb.
     0 | D:1      | Reached XP level 1. HP: 14/14 MP: 1/1
    39 | D:1      | Reached skill level 6 in Slings
   131 | D:1      | Reached XP level 2. HP: 19/19 MP: 2/2
   563 | D:1      | Reached skill level 7 in Slings
   563 | D:1      | Reached XP level 3. HP: 24/24 MP: 3/3
   857 | D:4      | Found a sacrificial altar of Ru.
   864 | D:4      | Got a smoking hand axe
   876 | D:4      | Noticed a phantom
   885 | D:5      | Entered Level 5 of the Dungeon
   905 | D:4      | Slain by a phantom

Skill      XL: |  1  2 |
---------------+-------+-----
Slings         | 6 7 |  7.3
Fighting       | |  1.8
Armour         | |  0.2
Dodging        | |  2.2
Stealth        | |  1.1

Action                   || total
-------------------------++-------
Melee: Mace              ||     7
 Fire: Hunting sling     ||    41
Armor: Leather armour    ||     7
Dodge: Dodged            ||    12
